 Dungeon Crawl Stone Soup version 0.27.1-34-g3ba077fa99 (webtiles) character file.

Game seed: 7588025576237186772

19 Descartes the Grasshopper (level 2, 28/28 HPs)
             Began as a Troll Warper on Jan 9, 2022.
             Was a Follower of Kikubaaqudgha.
             Got out of the dungeon alive.
             The game lasted 00:01:34 (459 turns).

Descartes the Grasshopper (Troll Warper)             Turns: 459, Time: 00:01:34

Health: 28/28      AC:  4    Str: 18    XL:     2   Next: 55%
Magic:  3/3        EV: 10    Int:  9    God:    Kikubaaqudgha [*.....]
Gold:   49         SH:  0    Dex:  9    Spells: 3/3 levels left

rFire    . . .     SeeInvis .     - Unarmed
rCold    . . .     Faith    .   (no shield)
rNeg     . . .     Spirit   .   a - +0 robe
rPois    .         Reflect  .   (helmet restricted)
rElec    .         Harm     .   (no cloak)
rCorr    .         Rampage  .   (gloves unavailable)
Will     .....                  (boots unavailable)
Stlth    +.........             (no amulet)
HPRegen  1.09/turn              (no ring)
MPRegen  0.08/turn              (no ring)

@: no status effects
A: large, unfitting armour, claws 3, regeneration 1, shaggy fur 1, tough skin 1
a: Renounce Religion, Receive Corpses


You escaped.
You worshipped Kikubaaqudgha.
Kikubaaqudgha was aware of your devotion.
You visited 1 branch of the dungeon, and saw 1 of its levels.

You collected 49 gold pieces.

Inventory:

Missiles
 c - 5 boomerangs of dispersal (quivered)
 d - 6 javelins
 e - 53 stones
 g - 20 arrows
Armour
 a - a +0 robe (worn)
Scrolls
 b - a scroll of blinking
 h - a scroll of teleportation {unknown}
Potions
 f - a potion of invisibility {unknown}
 i - a potion of curing {unknown}


   Skills:
 + Level 1.8 Fighting
 + Level 1.2 Throwing
 - Level 2.0 Dodging
 + Level 2.2 Unarmed Combat
 + Level 1.4 Spellcasting
 + Level 2.3 Translocations


You had 3 spell levels left.
You didn't know any spells.
Your spell library contained the following spells:

 Spells                   Type           Power      Damage    Failure   Level
 Blink                    Tloc           N/A        N/A       21%         2
 Animate Skeleton         Necr           0%         N/A       34%         1
 Pain                     Necr           0%         1d4       34%         1
 Gell's Gravitas          Tloc           2%         N/A       38%         3
 Lesser Beckoning         Tloc           2%         N/A       38%         3
 Teleport Other           Tloc           4%         N/A       38%         3
 Sublimation of Blood     Necr           0%         N/A       47%         2
 Vampiric Draining        Necr           0%         2d6       71%         3
 Manifold Assault         Tloc           4%         N/A       98%         5


Dungeon Overview and Level Annotations

Branches:
Dungeon (1/15)

Altars:
Kikubaaqudgha


Innate Abilities, Weirdness & Mutations

You are too large for most types of armour.
You have claws for hands.
Your natural rate of healing is unusually fast.
You are covered in fur. (AC +1)
You have tough skin. (AC +1)


Message History

No target in view!
No target in view!
No target in view!
No target in view!
No target in view!
No target in view!
No target in view!
No target in view!
No target in view!
No target in view!
You see here a ball python corpse.
Found 15 bolts.
A kobold comes into view. It is wielding a +0 dagger.
Found 17 gold pieces.
The kobold shouts!
The kobold throws a stone.
The stone hits you but does no damage.
The kobold throws a stone.
The stone barely misses you. The kobold hits you with a +0 dagger.
You closely miss the kobold. The kobold hits you but does no damage.
You closely miss the kobold. The kobold closely misses you.
You barely miss the kobold. The kobold hits you with a +0 dagger.
You barely miss the kobold. The kobold barely misses you.
You closely miss the kobold. The kobold hits you with a +0 dagger.
You completely miss the kobold. The kobold hits you with a +0 dagger.
You scratch the kobold but do no damage.
The kobold hits you with a +0 dagger.
You claw the kobold!
You kill the kobold!
Kikubaaqudgha accepts your kill.
e - 53 stones (gained 5)
Things that are here:
a +0 dagger; a kobold corpse You now have 49 gold pieces (gained 17).
You see here 15 bolts.
You open the door.
There is an open door here.
There is an open door here.
There is a staircase leading out of the dungeon here.
Are you sure you want to leave the Dungeon?
This will make you lose the game!
You have escaped!

#.......#)##.##......##.##.
#.......#.#####......##.##.
#.......'.## #......##..#.
#.......#..# #......###.#.
#####'####.# ##......# #.#.
#.####'###.......# #...
####.##.....#....#### ##..
#....##.....#....# #..
#....##..@..#....# #..
#....##...[.#.##.# #..
#....##.....#.##.# #..
#.....###'###.##.# #..
#.....##.......#.########.
#.....###.##..##......###.
#.....# #.##.....รท....#..>
#.....# #.###.##......#.##
#####.# #.# #.##......#.#


There were no monsters in sight!

Vanquished Creatures
  A ball python (D:1)
  A bat (D:1)
  A giant cockroach (D:1)
  A goblin (D:1)
  A hobgoblin (D:1)
  6 kobolds (D:1)
  2 quokkas (D:1)
  4 frilled lizards (D:1)
  2 rats (D:1)
19 creatures vanquished.

Notes
Turn   | Place    | Note
-------+----------+-------------------------------------------
     0 | D:1      | Descartes the Troll Warper began the quest for the Orb.
     0 | D:1      | Reached XP level 1. HP: 19/19 MP: 1/1
    65 | D:1      | Reached skill level 1 in Throwing
   105 | D:1      | Reached XP level 2. HP: 28/28 MP: 3/3
   317 | D:1      | Found a faded altar of an unknown god.
   331 | D:1      | Became a worshipper of Kikubaaqudgha
   331 | D:1      | Reached * piety under Kikubaaqudgha
   331 | D:1      | Received a gift from Kikubaaqudgha
   459 | D:$      | Got out of the dungeon alive.

Illustrated notes

Levels and vault maps discovered:
D:1:      minmay_arrival_checkered_box, layout_basic,
          hellmonk_ecumenical_altar_crossroads

Skill      XL: |  1 |
---------------+----+-----
Throwing       | 1 |  1.2
Dodging        | 2 |  2.0
Fighting       | |  1.8
Unarmed Combat | |  2.2
Spellcasting   | |  1.4
Translocations | |  2.3

Action                   || total
-------------------------++-------
Melee: Unarmed           ||    61
       Punch             ||     1
Armor: Robe              ||    13
Dodge: Dodged            ||    26
